 Dungeon Crawl Stone Soup version 0.17.1-3-g152610e (webtiles) character file.

350 Faildrin the Bolt Thrower (level 6, 0/35 HPs)
             Began as a Gargoyle Arcane Marksman on Mar 10, 2016.
             Was an Initiate of Nemelex Xobeh.
             Slain by a jackal (1 damage)
             ... on level 4 of the Dungeon.
             The game lasted 00:32:31 (3168 turns).

Faildrin the Bolt Thrower (GrAM)                    Turns: 3168, Time: 00:32:31

Health: 0/35       AC: 11    Str: 15    XL:     6   Next: 61%
Magic:  7/7        EV: 12    Int: 13    God:    Nemelex Xobeh [......]
Gold:   77         SH:  0    Dex: 14    Spells: 2 memorised, 3 levels left

rFire  . . .     SeeInvis .     d - -1 halberd (curse)
rCold  + . .     Clarity  .     i - +2 leather armour {rC+}
rNeg   + + .     SustAt   .     (shield currently unavailable)
rPois  ∞         Gourm    .     (no helmet)
rElec  +         Spirit   .     q - +0 cloak (curse)
rCorr  .         Warding  +     h - +0 pair of gloves
rMut   .         Stasis   .     (no boots)
MR     .....                    g - amulet of warding
Stlth  ++........               (no ring)
                                j - +3 ring of dexterity

@: not resistant to hostile enchantments, unstealthy
A: negative energy resistance 1, electricity resistance, unbreathing,
petrification resistance, rot immunity, AC +4
a: Renounce Religion


You were on level 4 of the Dungeon.
You worshipped Nemelex Xobeh.
Nemelex Xobeh was noncommittal.
You were not hungry.

You visited 1 branch of the dungeon, and saw 4 of its levels.

You collected 77 gold pieces.

Inventory:

Hand Weapons
 a - a +0 hand crossbow
 d - a cursed -1 halberd (weapon)
Missiles
 e - 29 bolts
Armour
 b - a +0 robe
 h - a +0 pair of gloves (worn)
 i - a +2 leather armour of cold resistance (worn)
 q - a cursed +0 cloak (worn)
Jewellery
 g - an amulet of warding (around neck)
 j - a +3 ring of dexterity (left hand)
Wands
 p - a wand of slowing (24)
Scrolls
 k - a scroll of teleportation
 m - a scroll of recharging
 n - a scroll of identify
Potions
 f - 6 potions of curing
 l - 2 potions of heal wounds
 r - a potion of agility {unknown}
Books
 c - a book of Debilitation

   Spells                             Type                      Level
   a - Corona                         Hexes                        1
   b - Slow                           Hexes                        2
   c - Gell's Gravitas                Hexes/Translocation          3
   d - Inner Flame                    Hexes/Fire                   3
   e - Cause Fear                     Hexes                        4
   f - Leda's Liquefaction            Hexes/Earth                  4
Miscellaneous
 o - a plain deck of war {drawn: 4}


   Skills:
 + Level 1.9 Fighting
 + Level 1.1 Polearms
 + Level 4.8 Crossbows
 + Level 1.3 Armour
 + Level 2.7 Dodging
 + Level 1.4 Stealth
 + Level 1.0 Spellcasting
 + Level 3.2 Hexes


You had 3 spell levels left.
You knew the following spells:

 Your Spells              Type           Power        Failure   Level  Hunger
a - Corona                Hex            #......      10%         1    ##.....
b - Inner Flame           Hex/Fire       #.......     65%         3    ####...


Dungeon Overview and Level Annotations

Branches:
Dungeon (4/15)
 Temple: D:4-7

Altars:
Cheibriados
Nemelex Xobeh


Innate Abilities, Weirdness & Mutations

You are resistant to torment.
Your stone body is resilient (AC +4).
You are immune to poison.
You resist negative energy.
You are resistant to electric shocks.
You can survive without breathing.
You are immune to petrification.
You are immune to rotting.


Message History

The jackal closely misses you. The giant gecko misses you.
Found a stone staircase leading down.
Unknown command.
You hit the giant gecko.
The giant gecko is lightly wounded.
The jackal bites you.
* * * LOW HITPOINT WARNING * * *
The jackal misses you.
The jackal bites you but does no damage.
The jackal barely misses you. The giant gecko barely misses you.
The jackal bites you.
* * * LOW HITPOINT WARNING * * *
The jackal bites you but does no damage.
You slash the giant gecko!
You kill the giant gecko!
The jackal bites you but does no damage.
The jackal closely misses you. x2
The jackal misses you. The jackal closely misses you. The jackal bites you.
You die...
Your body disappears without a glow.

......'.. #. #.
##....#.. .#.###.
....<.... .......
###...... .......
#...... .......#######
####...
.....#.s.....#####......
>......hh........#......
#†@.........#......
#.h.....#...######.
#............. #.
#............. #.
#?............####†
###................
#......).........
#................
#...........<....


You could see 3 jackals and a giant cockroach.

Vanquished Creatures
  The ghost of Sarmenti the Vexing, an amateur DEEn (D:3)
  A giant frog skeleton (D:4)
  A worker ant (D:4)
  2 hounds (D:4)
  A hound skeleton (D:4)
  3 adders
  4 gnolls (D:3)
  2 oozes
  2 worms
  2 orcs
  A ball python (D:4)
  9 bats
  10 hobgoblins
  6 jackals
  4 giant cockroaches
  3 giant geckos
  3 giant newts
  7 goblins
  12 kobolds
  2 quokkas
  11 rats
87 creatures vanquished.

Vanquished Creatures (collateral kills)
  A rat (D:3)
1 creature vanquished.

Grand Total: 88 creatures vanquished

Notes
Turn   | Place    | Note
--------------------------------------------------------------
     0 | D:1      | Faildrin the Gargoyle Arcane Marksman began the quest for the Orb.
     0 | D:1      | Reached XP level 1. HP: 12/12 MP: 2/2
   141 | D:1      | Reached skill level 3 in Hexes
   141 | D:1      | Reached XP level 2. HP: 12/16 MP: 3/3
   766 | D:1      | Reached XP level 3. HP: 20/20 MP: 4/4
   789 | D:1      | Learned a level 3 spell: Inner Flame
  1809 | D:3      | Reached XP level 4. HP: 25/25 MP: 5/5
  2261 | D:3      | Reached skill level 4 in Crossbows
  2318 | D:3      | Reached XP level 5. HP: 29/29 MP: 6/6
  2343 | D:3      | Found a sparkling altar of Nemelex Xobeh.
  2356 | D:3      | Became a worshipper of Nemelex Xobeh the Trickster
  2451 | D:3      | Received a gift from Nemelex Xobeh
  2521 | D:3      | Noticed Sarmenti's ghost (amateur DEEn)
  2551 | D:3      | Killed Sarmenti's ghost
  2852 | D:4      | Found a snail-covered altar of Cheibriados.
  2861 | D:4      | Reached skill level 1 in Stealth
  3046 | D:4      | Reached XP level 6. HP: 28/34 MP: 7/7
  3089 | D:4      | Reached skill level 1 in Armour
  3102 | D:4      | Reached skill level 1 in Polearms
  3121 | D:4      | HP: 1/35 [worm (3)]
  3167 | D:4      | HP: 1/35 [jackal (1)]
  3168 | D:4      | Slain by a jackal

Action                   |  1- 3 |  4- 6 || total
-------------------------+-------+-------++-------
Melee: Halberd           |       |   124 ||   124
       Hand crossbow     |       |     1 ||     1
 Fire: Hand crossbow     |    81 |   101 ||   182
Evoke: Deck              |       |     4 ||     4
  Use: Potion            |     3 |       ||     3
       Scroll            |     3 |     1 ||     4
 Stab: Sleeping          |       |     1 ||     1
  Eat: Bread ration      |     1 |     1 ||     2
